MID
PEORIA CHIEFS @ HAGERSTOWN SUNS
04/23/2048
 
TOP OF THE 1ST
Peoria Chiefs batting - Pitching for Hagerstown Suns : RHP Luis Astudillo
Pitching: RHP Luis Astudillo
Batting: RHB Robby Hickman 0-0: Called Strike
0-1: Ball
1-1: Hit by Pitch
Batting: LHB Ken Morehead 0-0: Foul Ball, location: 2F
0-1: Fielders Choice at 2nd, 4-6 (Groundball, 4, EV 76.9 MPH)
Batting: RHB Ricky Yerzy 0-0: Called Strike
0-1: Ball
1-1: Ball
2-1: Foul Ball, location: 2F
2-2: Foul Ball, location: 2F
2-2: Ball
3-2: Foul Ball, location: 2F
3-2: Foul Ball, location: 2F
3-2: Foul Ball, location: 2F
3-2: SINGLE (Flyball, 3D, EV 90.0 MPH)
Ken Morehead to second
Batting: SHB Gerardo Macias 0-0: Ball
1-0: Called Strike
1-1: Foul Ball, location: 2F
1-2: Ball
2-2: Reached on error, E1 (Groundball, 15S, EV 65.0 MPH)
Ken Morehead to third
Ricky Yerzy to second
Batting: RHB Edgar Landim 0-0: Called Strike
0-1: Foul Ball, location: 2F
0-2: Ball
1-2: Strikes out swinging
Batting: RHB Tommy Tracy 0-0: Foul Ball, location: 2F
0-1: Foul Ball, location: 2F
0-2: Strikes out swinging
Top of the 1st over - 0 runs, 1 hit, 1 error, 3 left on base; Peoria 0 - Hagerstown 0
BOTTOM OF THE 1ST
Hagerstown Suns batting - Pitching for Peoria Chiefs : LHP Jake Richards
Pitching: LHP Jake Richards
Batting: RHB Victor Cintron 0-0: Ball
1-0: Ball
2-0: Ground out 5-3 (Groundball, 56, EV 100.6 MPH)
Batting: RHB Antonio Vallez 0-0: Ball
1-0: Swinging Strike
1-1: SINGLE (Groundball, 56D, EV 97.5 MPH)
Batting: RHB Bryan Wheeler 0-0: Ball
1-0: Swinging Strike
1-1: Swinging Strike
1-2: Foul Ball, location: 2F
1-2: Foul Ball, location: 2F
1-2: SINGLE (Line Drive, 34, EV 110.6 MPH)
Antonio Vallez to second
Batting: RHB Nick Moreno 0-0: Called Strike
0-1: Ball
1-1: Swinging Strike
1-2: Foul Ball, location: 2F
1-2: Strikes out swinging
Batting: SHB Curtis DeLille 0-0: Ball
1-0: Ball
2-0: Fly out, F2 (Popup, 13S, EV 81.9 MPH)
Bottom of the 1st over - 0 runs, 2 hits, 0 errors, 2 left on base; Peoria 0 - Hagerstown 0
TOP OF THE 2ND
Peoria Chiefs batting - Pitching for Hagerstown Suns : RHP Luis Astudillo
Batting: RHB Pat Scaturro 0-0: Ball
1-0: Foul Ball, location: 2F
1-1: Ball
2-1: Swinging Strike
2-2: Foul Ball, location: 2F
2-2: Ball
3-2: Strikes out looking
Batting: SHB Hank Arias 0-0: Ball
1-0: Ball
2-0: Swinging Strike
2-1: Ball
3-1: Foul Ball, location: 2F
3-2: Base on Balls
Batting: RHB Alex Melgoza 0-0: Ball
1-0: Ball
Hank Arias steals 2nd, throwing error, E2
Hank Arias to third
2-0: Ball
3-0: Base on Balls
Batting: RHB Robby Hickman 0-0: Called Strike
0-1: Foul Ball, location: 2F
0-2: Foul Ball, location: 2F
0-2: Strikes out swinging
Batting: LHB Ken Morehead 0-0: Ball
1-0: Ball
2-0: Called Strike
2-1: Ball
3-1: Base on Balls
Alex Melgoza to second
Batting: RHB Ricky Yerzy 0-0: Ball
1-0: Foul Ball, location: 2F
1-1: Ball
2-1: Ball
3-1: Swinging Strike
3-2: Base on Balls
Hank Arias scores
Alex Melgoza to third
Ken Morehead to second
Batting: SHB Gerardo Macias 0-0: Ball
1-0: Fly out, F7 (Flyball, 7LM, EV 86.2 MPH)
Top of the 2nd over - 1 run, 0 hits, 1 error, 3 left on base; Peoria 1 - Hagerstown 0
BOTTOM OF THE 2ND
Hagerstown Suns batting - Pitching for Peoria Chiefs : LHP Jake Richards
Batting: RHB Jim Towle 0-0: Foul Ball, location: 2F
0-1: Ball
1-1: Ball
2-1: Ball
3-1: Foul Ball, location: 2F
3-2: Strikes out swinging
Batting: RHB Jelexiz Cuenca 0-0: SINGLE (Line Drive, 78S, EV 105.0 MPH)
Batting: RHB Scott Skoglund 0-0: Ball
1-0: Called Strike
1-1: Swinging Strike
1-2: Foul Ball, location: 2F
1-2: Grounds into double play, 6-4-3 (Groundball, 6, EV 110.0 MPH)
Bottom of the 2nd over - 0 runs, 1 hit, 0 errors, 0 left on base; Peoria 1 - Hagerstown 0
TOP OF THE 3RD
Peoria Chiefs batting - Pitching for Hagerstown Suns : RHP Luis Astudillo
Batting: RHB Edgar Landim 0-0: Fly out, F8 (Flyball, 8RXD, EV 89.4 MPH)
Batting: RHB Tommy Tracy 0-0: Called Strike
0-1: Ball
1-1: Ball
2-1: SINGLE (Groundball, 5S, EV 70.6 MPH) (infield hit)
Batting: RHB Pat Scaturro 0-0: Foul Ball, location: 2F
0-1: Called Strike
0-2: Ball
1-2: Foul Ball, location: 2F
1-2: Foul Ball, location: 2F
1-2: Foul Ball, location: 2F
1-2: Ball
2-2: Ball
3-2: Strikes out looking
Tommy Tracy is caught stealing 2nd base 2-4
Batter strikes out.
Top of the 3rd over - 0 runs, 1 hit, 0 errors, 0 left on base; Peoria 1 - Hagerstown 0
BOTTOM OF THE 3RD
Hagerstown Suns batting - Pitching for Peoria Chiefs : LHP Jake Richards
Batting: RHB John Gibbs 0-0: Ball
1-0: Called Strike
1-1: Swinging Strike
1-2: Ball
2-2: Ground out U3 (Groundball, 3, EV 104.4 MPH)
Batting: RHB Victor Cintron 0-0: Called Strike
0-1: Ball
1-1: Called Strike
1-2: Ball
2-2: Reached on error, E4 (Groundball, 4, EV 105.0 MPH)
Batting: RHB Antonio Vallez 0-0: Called Strike
0-1: Grounds into double play, 6-4-3 (Groundball, 6, EV 80.0 MPH)
Bottom of the 3rd over - 0 runs, 0 hits, 1 error, 0 left on base; Peoria 1 - Hagerstown 0
TOP OF THE 4TH
Peoria Chiefs batting - Pitching for Hagerstown Suns : RHP Luis Astudillo
Batting: SHB Hank Arias 0-0: Called Strike
0-1: SINGLE (Groundball, 6MD, EV 100.0 MPH)
Batting: RHB Alex Melgoza 0-0: Swinging Strike
0-1: Ball
Wild Pitch!
Hank Arias to second
1-1: Foul Ball, location: 2F
1-2: Ball
2-2: Strikes out swinging
Batting: RHB Robby Hickman 0-0: Called Strike
Hank Arias steals 3rd base
0-1: Swinging Strike
0-2: Ground out 5-3 (Groundball, 56, EV 101.9 MPH)
Hank Arias scores
Batting: LHB Ken Morehead 0-0: Swinging Strike
0-1: Foul Ball, location: 2F
0-2: Strikes out swinging
Top of the 4th over - 1 run, 1 hit, 0 errors, 0 left on base; Peoria 2 - Hagerstown 0
BOTTOM OF THE 4TH
Hagerstown Suns batting - Pitching for Peoria Chiefs : LHP Jake Richards
Batting: RHB Bryan Wheeler 0-0: Foul Ball, location: 2F
0-1: Ball
1-1: Ball
2-1: Called Strike
2-2: Foul Ball, location: 2F
2-2: Strikes out swinging
Batting: RHB Nick Moreno 0-0: Called Strike
0-1: Ball
1-1: Ball
2-1: Foul Ball, location: 2F
2-2: Ball
3-2: Strikes out looking
Batting: SHB Curtis DeLille 0-0: Called Strike
0-1: Fly out, F9 (Line Drive, 9LM, EV 99.4 MPH)
Bottom of the 4th over - 0 runs, 0 hits, 0 errors, 0 left on base; Peoria 2 - Hagerstown 0
TOP OF THE 5TH
Peoria Chiefs batting - Pitching for Hagerstown Suns : RHP Luis Astudillo
Batting: RHB Ricky Yerzy 0-0: Ball
1-0: Foul Ball, location: 2F
1-1: Ball
2-1: Foul Ball, location: 2F
2-2: Ball
3-2: Foul Ball, location: 2F
3-2: Foul Ball, location: 2F
3-2: SINGLE (Groundball, 6S, EV 70.0 MPH) (infield hit)
Pitching: RHP Chris Bonham
Batting: SHB Gerardo Macias 0-0: Called Strike
Ricky Yerzy steals 2nd base
0-1: Ball
1-1: Ball
2-1: Foul Ball, location: 2F
2-2: Foul Ball, location: 2F
2-2: Foul Ball, location: 2F
2-2: Ball
3-2: Base on Balls
Batting: RHB Edgar Landim 0-0: Called Strike
0-1: Ball
1-1: Called Strike
1-2: Ball
2-2: 3-RUN HOME RUN (Flyball, 78XD, EV 102.5 MPH), Distance : 409 ft
Batting: RHB Tommy Tracy 0-0: Fly out, F8 (Flyball, 89M, EV 80.6 MPH)
Batting: RHB Pat Scaturro 0-0: Called Strike
0-1: Called Strike
0-2: Ball
1-2: Foul Ball, location: 2F
1-2: Foul Ball, location: 2F
1-2: Ball
2-2: Foul Ball, location: 2F
2-2: Strikes out swinging
Batting: SHB Hank Arias 0-0: Ball
1-0: Ball
2-0: SINGLE (Line Drive, 7S, EV 100.6 MPH)
Batting: RHB Alex Melgoza 0-0: Foul Ball, location: 2F
0-1: Called Strike
0-2: Foul Ball, location: 2F
0-2: Ground out 6-3 (Groundball, 6S, EV 83.8 MPH)
Top of the 5th over - 3 runs, 3 hits, 0 errors, 1 left on base; Peoria 5 - Hagerstown 0
BOTTOM OF THE 5TH
Hagerstown Suns batting - Pitching for Peoria Chiefs : LHP Jake Richards
Batting: RHB Jim Towle 0-0: Ball
1-0: Ball
2-0: SOLO HOME RUN (Flyball, 9D, EV 95.6 MPH), Distance : 358 ft
Batting: RHB Jelexiz Cuenca 0-0: Swinging Strike
0-1: Called Strike
0-2: Ball
1-2: Ball
2-2: Ball
3-2: Foul Ball, location: 2F
3-2: Base on Balls
Batting: RHB Scott Skoglund 0-0: Ball
1-0: Called Strike
1-1: Fly out, F8 (Flyball, 8LD, EV 98.8 MPH)
Batting: RHB John Gibbs 0-0: Swinging Strike
0-1: Ball
1-1: Ball
2-1: Swinging Strike
2-2: Ball
3-2: Foul Ball, location: 2F
3-2: Foul Ball, location: 2F
3-2: SINGLE (Line Drive, 34D, EV 97.5 MPH)
Jelexiz Cuenca to second
Batting: RHB Victor Cintron 0-0: Called Strike
0-1: Ball
1-1: Swinging Strike
1-2: Fly out, F7 (Flyball, 7, EV 85.0 MPH)
Batting: RHB Antonio Vallez 0-0: Ball
1-0: Called Strike
1-1: Swinging Strike
1-2: Foul Ball, location: 2F
1-2: Ball
2-2: Strikes out swinging
Bottom of the 5th over - 1 run, 2 hits, 0 errors, 2 left on base; Peoria 5 - Hagerstown 1
TOP OF THE 6TH
Peoria Chiefs batting - Pitching for Hagerstown Suns : RHP Chris Bonham
Batting: RHB Robby Hickman 0-0: Ball
1-0: Swinging Strike
1-1: Called Strike
1-2: Ball
2-2: Ball
3-2: Foul Ball, location: 2F
3-2: Strikes out swinging
Pitching: LHP Gregg Huddleston
Batting: LHB Ken Morehead 0-0: Foul Ball, location: 2F
0-1: Foul Ball, location: 2F
0-2: SINGLE (Groundball, 3D, EV 98.1 MPH)
Batting: RHB Ricky Yerzy 0-0: Called Strike
0-1: Ball
1-1: Ball
2-1: Ball
3-1: Base on Balls
Ken Morehead to second
Batting: SHB Gerardo Macias 0-0: Ball
1-0: Ball
2-0: Foul Ball, location: 2F
2-1: Called Strike
2-2: Ball
3-2: Foul Ball, location: 2F
3-2: Base on Balls
Ken Morehead to third
Ricky Yerzy to second
Batting: RHB Edgar Landim 0-0: Ball
1-0: Foul Ball, location: 2F
1-1: Called Strike
1-2: Strikes out swinging
Batting: RHB Tommy Tracy 0-0: Called Strike
0-1: Foul Ball, location: 2F
0-2: Fly out, F8 (Flyball, 8RM, EV 88.8 MPH)
Top of the 6th over - 0 runs, 1 hit, 0 errors, 3 left on base; Peoria 5 - Hagerstown 1
BOTTOM OF THE 6TH
Hagerstown Suns batting - Pitching for Peoria Chiefs : LHP Jake Richards
Pitching: RHP Derrick Easley
Batting: RHB Bryan Wheeler 0-0: Called Strike
0-1: Foul Ball, location: 2F
0-2: Foul Ball, location: 2F
0-2: DOUBLE (Line Drive, 9LS, EV 90.6 MPH)
Batting: RHB Nick Moreno 0-0: Foul Ball, location: 2F
0-1: Ball
1-1: Foul Ball, location: 2F
1-2: Ball
2-2: Strikes out swinging
Batting: SHB Curtis DeLille 0-0: Ball
1-0: Ball
2-0: Called Strike
2-1: SINGLE (Line Drive, 7S, EV 108.1 MPH)
Bryan Wheeler to third
Pitching: RHP Steve Pierson
Batting: RHB Jim Towle 0-0: Foul Ball, location: 2F
0-1: Ball
1-1: Ball
2-1: Foul Ball, location: 2F
2-2: Strikes out looking
Batting: RHB Jelexiz Cuenca 0-0: Ball
1-0: Ball
2-0: Called Strike
2-1: Foul Ball, location: 2F
2-2: Ball
3-2: Base on Balls
Curtis DeLille to second
Batting: RHB Scott Skoglund 0-0: SINGLE (Groundball, 56D, EV 105.0 MPH)
Bryan Wheeler scores
Curtis DeLille to third
Jelexiz Cuenca to second
Runner from 3rd tries for Home, SAFE, throw by LF to home
Batting: RHB John Gibbs 0-0: Ball
1-0: Ball
2-0: Called Strike
2-1: Ball
3-1: Ground out 4-3 (Groundball, 4, EV 78.1 MPH)
Bottom of the 6th over - 2 runs, 3 hits, 0 errors, 2 left on base; Peoria 5 - Hagerstown 3
TOP OF THE 7TH
Peoria Chiefs batting - Pitching for Hagerstown Suns : LHP Gregg Huddleston
Pitching: RHP Steve Barnes
Batting: RHB Pat Scaturro 0-0: Ground out 5-3 (Groundball, 56, EV 83.1 MPH)
Batting: SHB Hank Arias 0-0: Ground out 6-3 (Groundball, 6, EV 97.5 MPH)
Batting: RHB Alex Melgoza 0-0: Fly out, F9 (Flyball, 89D, EV 100.0 MPH)
Top of the 7th over - 0 runs, 0 hits, 0 errors, 0 left on base; Peoria 5 - Hagerstown 3
BOTTOM OF THE 7TH
Hagerstown Suns batting - Pitching for Peoria Chiefs : RHP Steve Pierson
Batting: RHB Victor Cintron 0-0: Called Strike
0-1: Swinging Strike
0-2: Ball
1-2: Strikes out swinging
Batting: RHB Antonio Vallez 0-0: Called Strike
0-1: Foul Ball, location: 2F
0-2: Strikes out swinging
Batting: RHB Bryan Wheeler 0-0: DOUBLE (Groundball, 5L, EV 103.1 MPH)
Batting: RHB Nick Moreno 0-0: Fly out, F9 (Flyball, 9, EV 92.5 MPH)
Bottom of the 7th over - 0 runs, 1 hit, 0 errors, 1 left on base; Peoria 5 - Hagerstown 3
TOP OF THE 8TH
Peoria Chiefs batting - Pitching for Hagerstown Suns : RHP Steve Barnes
Batting: RHB Robby Hickman 0-0: Ball
1-0: Called Strike
1-1: Fly out, F8 (Flyball, 8RD, EV 101.2 MPH)
Batting: LHB Ken Morehead 0-0: Called Strike
0-1: Ball
1-1: Swinging Strike
1-2: Foul Ball, location: 2F
1-2: Foul Ball, location: 2F
1-2: Foul Ball, location: 2F
1-2: Strikes out swinging
Batting: RHB Ricky Yerzy 0-0: Ball
1-0: Ball
2-0: Ground out 4-3 (Groundball, 4M, EV 105.0 MPH)
Top of the 8th over - 0 runs, 0 hits, 0 errors, 0 left on base; Peoria 5 - Hagerstown 3
BOTTOM OF THE 8TH
Hagerstown Suns batting - Pitching for Peoria Chiefs : RHP Steve Pierson
Batting: SHB Curtis DeLille 0-0: Swinging Strike
0-1: Ground out U3 (Groundball, 3, EV 80.6 MPH)
Batting: LHB Chance McWilliams 0-0: Fly out, F7 (Line Drive, 7LM, EV 98.1 MPH)
Batting: RHB Jelexiz Cuenca 0-0: Foul Ball, location: 2F
0-1: Ground out 5-3 (Groundball, 5, EV 88.8 MPH)
Bottom of the 8th over - 0 runs, 0 hits, 0 errors, 0 left on base; Peoria 5 - Hagerstown 3
TOP OF THE 9TH
Peoria Chiefs batting - Pitching for Hagerstown Suns : RHP Steve Barnes
Batting: SHB Gerardo Macias 0-0: Called Strike
0-1: Ball
1-1: Foul Ball, location: 2F
1-2: Ball
2-2: Foul Ball, location: 2F
2-2: Ground out 1-3 (Groundball, 13, EV 74.4 MPH)
Batting: RHB Edgar Landim 0-0: Called Strike
0-1: Ground out U3 (Groundball, 34, EV 103.8 MPH)
Batting: RHB Tommy Tracy 0-0: Ball
1-0: Foul Ball, location: 2F
1-1: Ball
2-1: Called Strike
2-2: Ball
3-2: Strikes out looking
Top of the 9th over - 0 runs, 0 hits, 0 errors, 0 left on base; Peoria 5 - Hagerstown 3
BOTTOM OF THE 9TH
Hagerstown Suns batting - Pitching for Peoria Chiefs : RHP Steve Pierson
Pitching: LHP Nick Suggett
Batting: RHB Scott Skoglund 0-0: Ball
1-0: Ground out 1-3 (Groundball, 13S, EV 61.9 MPH)
Batting: RHB John Gibbs 0-0: Ball
1-0: Ball
2-0: Swinging Strike
2-1: Ground out 5-3 (Groundball, 56S, EV 68.8 MPH)
Batting: RHB Victor Cintron 0-0: Called Strike
0-1: Called Strike
0-2: Foul Ball, location: 2F
0-2: Ball
1-2: Foul Ball, location: 2F
1-2: Foul Ball, location: 2F
1-2: Ball
2-2: Ball
3-2: Strikes out swinging
Bottom of the 9th over - 0 runs, 0 hits, 0 errors, 0 left on base; Peoria 5 - Hagerstown 3
Tuesday, March 28th , 2023 - OOTP Baseball 23.10 Build 110